 Dungeon Crawl Stone Soup version 0.22-a0-283-g1871b15 (webtiles) character file.

101 tidbits the Insei (level 4, 1/34 HPs)
             Began as a Gnoll Transmuter on Mar 18, 2018.
             Quit the game on level 3 of the Dungeon.
             The game lasted 00:05:53 (701 turns).

tidbits the Insei (Gnoll Transmuter)                 Turns: 701, Time: 00:05:54

Health: 1/34       AC:  2    Str: 13    XL:     4   Next: 75%
Magic:  3/11       EV: 15    Int: 21    God:
Gold:   44         SH:  0    Dex: 15    Spells: 7/13 levels left

rFire    + . .     SeeInvis .     - Unarmed
rCold    + . .     Gourm    .   (no shield)
rNeg     . . .     Faith    .   b - +0 robe
rPois    +         Spirit   .   (no helmet)
rElec    .         Reflect  .   C - scarf {rC+ rF+}
rCorr    .         Harm     .   (no gloves)
MR       .....                  (no boots)
Stlth    ++........             (no amulet)
HPRegen  0.11/turn              P - ring of poison resistance
MPRegen  0.12/turn              (no ring)

@: brilliant, lethally poisoned (1 -> 0)
A: distributed training, fangs 1, strong nose
a: no special abilities


You were on level 3 of the Dungeon.
You were not hungry.

You visited 1 branch of the dungeon, and saw 5 of its levels.

You collected 44 gold pieces.

Inventory:

Hand Weapons
 k - a +0 dagger
Missiles
 a - 10 arrows
 h - 2 tomahawks (quivered)
 j - 18 sling bullets
Armour
 b - a +0 robe (worn)
 e - a +0 ring mail
 C - a scarf of resistance (worn)
   (You found it on level 2 of the Dungeon)
Jewellery
 i - an uncursed ring of fire
   (You found it on level 3 of the Dungeon)
 P - a ring of poison resistance (left hand)
   (You found it on level 2 of the Dungeon)
Scrolls
 c - a scroll of enchant armour {unknown}
 f - a scroll of identify {unknown}
 g - a scroll of magic mapping {unknown}
 o - a scroll of remove curse {unknown}
 p - a scroll of teleportation {unknown}
 q - a scroll of fear {unknown}
Potions
 l - a potion of resistance
 m - 2 potions of flight
Comestibles
 d - 5 rations


   Skills:
 + Level 2.8 Fighting
 + Level 1.2 Short Blades
 + Level 1.2 Long Blades
 + Level 1.2 Axes
 + Level 1.2 Maces & Flails
 + Level 1.2 Polearms
 + Level 1.2 Staves
 + Level 1.2 Slings
 + Level 1.2 Bows
 + Level 1.2 Crossbows
 + Level 1.2 Throwing
 + Level 1.2 Armour
 + Level 4.7 Dodging
 + Level 1.2 Stealth
 + Level 1.2 Shields
 + Level 6.6 Unarmed Combat
 + Level 5.1 Spellcasting
 + Level 1.0 Conjurations
 + Level 1.0 Hexes
 + Level 1.0 Charms
 + Level 1.0 Summonings
 + Level 1.0 Necromancy
 + Level 1.0 Translocations
 + Level 3.9 Transmutations
 + Level 1.0 Fire Magic
 + Level 1.0 Ice Magic
 + Level 1.0 Air Magic
 + Level 1.0 Earth Magic
 + Level 1.0 Poison Magic
 + Level 1.3 Invocations
 + Level 1.2 Evocations


You had 7 spell levels left.
You knew the following spells:

 Your Spells              Type           Power        Failure   Level  Hunger
e - Beastly Appendage     Tmut           ####..       1%          1    None
k - Sticks to Snakes      Tmut           ####....     1%          2    None
p - Spider Form           Tmut/Pois      ####......   1%          3    ##.....


Dungeon Overview and Level Annotations

Branches:
Dungeon (5/15)
 Temple: D:4-7

Altars:
Qazlal
Yredelemnul


Innate Abilities, Weirdness & Mutations

Your experience applies equally to all skills.
You have very sharp teeth.
Your uncanny sense of smell can sniff out nearby items.


Message History

You hit the orc.
The orc is severely wounded.
The orc hits you.
* * * LOW HITPOINT WARNING * * *
You bite the orc!
You kill the orc!
You have reached level 4!
You feel stronger.
The orc wizard gestures at you while chanting.
You resist with some effort.
You bite the orc!
You kill the orc!
You bite the orc wizard!
The orc wizard looks as sick as possible!
The orc wizard is severely wounded.
You kill the orc wizard!
You hit the orc.
The orc is poisoned.
The orc is almost dead.
The orc completely misses you.
Unknown command.
You bite the orc!
You kill the orc!
You bite the orc!
You kill the orc!
Your Conjurations skill increases to level 1!
Your Hexes skill increases to level 1!
Your Charms skill increases to level 1!
Your Summonings skill increases to level 1!
Your Necromancy skill increases to level 1!
Your Translocations skill increases to level 1!
Your Fire Magic skill increases to level 1!
Your Ice Magic skill increases to level 1!
Your Air Magic skill increases to level 1!
Your Earth Magic skill increases to level 1!
Your Poison Magic skill increases to level 1!
Your transformation has ended.
Your scarf of resistance unmelds from your body.
Your +0 robe unmelds from your body.
You feel resistant to extremes of temperature.
Items here: ))) [[ ††
Okay, then.
A bullfrog comes into view.
You hear a shout!
An adder and a worm come into view.
The worm moves out of view.
Found a yellow potion.
Casting: Spider Form (safe; 17% risk of failure)
Confirm with . or Enter, or press ? or * to list all spells.
You turn into a venomous arachnid creature.
Your scarf of resistance melds into your body.
Your +0 robe melds into your body.
You feel hot and cold all over.
The adder hisses angrily.
Unknown command.
Unknown command.
Casting: Spider Form (slightly dangerous; 36% risk of failure)
Confirm with . or Enter, or press ? or * to list all spells.
You create a snake!
You now have 10 arrows.
Your magical contamination has completely faded away.
The adder bites you.
* * * LOW HITPOINT WARNING * * *
You are poisoned.
The adder poisons you!
You hit the adder.
The adder is severely wounded.
You feel sick.
Your ball python bites the adder.
Your ball python grabs the adder.
Your ball python constricts the adder.
The adder bites your ball python.
Your ball python dies!
The adder hisses angrily.
You barely miss the adder.
The adder is almost dead.
Your transformation is almost over.
The adder barely misses you.
You barely miss the adder.
The adder is almost dead.
The adder completely misses you.
You bite the adder!
You kill the adder!
You feel sick.
You hear a shout!
You feel sick.
A hobgoblin comes into view. It is wielding a club.
Found a stormy altar of Qazlal.
You see here a yellow potion.
It was a potion of brilliance.
You feel clever all of a sudden.
Your transformation has ended.
Your scarf of resistance unmelds from your body.
Your +0 robe unmelds from your body.
You feel resistant to extremes of temperature.
You feel sick.
Casting: Sticks to Snakes (safe; 1% risk of failure)
Confirm with . or Enter, or press ? or * to list all spells.
You don't have enough magic to cast that spell.
You feel sick.
A centaur comes into view.
The centaur shouts!
The centaur wields a shortbow.
The centaur shoots an arrow.
The arrow hits you.
* * * LOW HITPOINT WARNING * * *
You see here an arrow.
Are you sure you want to abandon this character and quit the game? (Confirm with "yes".)

..............##.#
#.#...######
########.#######.#
#.##.## #.# #.#
#.##.# #.# #.##.#
#.# # ##.##.# #.#
##.##...#.# #.#
......#...#
....#######...###
### c......@.....#
..#
∆###########..#
#.# ##.# #.# #..#
#.### #..######§
....### #...g.._#8
......# #..######§
#.#.#.# ####§§§§§§
#.#_#.# §§§§§§


You could see a centaur.

Vanquished Creatures
  An orc wizard (D:3)
  A worker ant (D:4)
  2 adders
  2 worms (D:3)
  5 orcs (D:3)
  A giant cockroach (D:2)
  2 jackals (D:3)
  A ball python (D:4)
  5 bats
  2 kobolds
  3 rats
25 creatures vanquished.

Notes
Turn   | Place    | Note
-------+----------+-------------------------------------------
     0 | D:1      | tidbits the Gnoll Transmuter began the quest for the Orb.
     0 | D:1      | Reached XP level 1. HP: 17/17 MP: 6/6
   115 | D:3      | Noticed an orc wizard
   116 | D:3      | Noticed an orc priest
   260 | D:2      | Reached XP level 2. HP: 14/23 MP: 5/7
   264 | D:2      | Learned a level 2 spell: Sticks to Snakes
   482 | D:3      | Found a basalt altar of Yredelemnul.
   550 | D:3      | Reached XP level 3. HP: 9/28 MP: 9/9
   556 | D:3      | Learned a level 3 spell: Spider Form
   565 | D:3      | HP: 1/28 [worm (10)]
   568 | D:3      | Reached skill level 5 in Spellcasting
   602 | D:5      | Entered Level 5 of the Dungeon
   619 | D:4      | Reached skill level 1 in Short Blades
   619 | D:4      | Reached skill level 1 in Long Blades
   619 | D:4      | Reached skill level 1 in Axes
   619 | D:4      | Reached skill level 1 in Maces & Flails
   619 | D:4      | Reached skill level 1 in Polearms
   619 | D:4      | Reached skill level 1 in Staves
   619 | D:4      | Reached skill level 1 in Slings
   619 | D:4      | Reached skill level 1 in Bows
   619 | D:4      | Reached skill level 1 in Crossbows
   619 | D:4      | Reached skill level 1 in Throwing
   619 | D:4      | Reached skill level 1 in Armour
   619 | D:4      | Reached skill level 1 in Stealth
   619 | D:4      | Reached skill level 1 in Shields
   619 | D:4      | Reached skill level 1 in Invocations
   619 | D:4      | Reached skill level 1 in Evocations
   661 | D:3      | Reached XP level 4. HP: 8/34 MP: 3/11
   667 | D:3      | Reached skill level 1 in Conjurations
   667 | D:3      | Reached skill level 1 in Hexes
   667 | D:3      | Reached skill level 1 in Charms
   667 | D:3      | Reached skill level 1 in Summonings
   667 | D:3      | Reached skill level 1 in Necromancy
   667 | D:3      | Reached skill level 1 in Translocations
   667 | D:3      | Reached skill level 1 in Fire Magic
   667 | D:3      | Reached skill level 1 in Ice Magic
   667 | D:3      | Reached skill level 1 in Air Magic
   667 | D:3      | Reached skill level 1 in Earth Magic
   667 | D:3      | Reached skill level 1 in Poison Magic
   672 | D:3      | Noticed a bullfrog
   692 | D:3      | Found a stormy altar of Qazlal.
   700 | D:3      | Noticed a centaur
   700 | D:3      | HP: 1/34 [centaur/arrow (3)]
   701 | D:3      | Quit the game

Vault maps used:
D:1:      co_arrival_random_square_maze, kennysheep_doodads, minmay_misc_feat_x,
          minmay_misc_feat_five, kennysheep_flooded_box, minmay_pentomino_u2
D:3:      overflow_temple_1_default, nicolae_qazlal_eye_of_the_storm
D:4:      zin_scriptorium, nicolae_overflow_quartered_altars, temple_hall
D:5:      gammafunk_temple_overflow_statue, first_ration, serial_shops,
          shop_statue, basic_altar, serial_bayou_pond_a, uniq_sigmund

Skill      XL: |  1  2  3  4 |
---------------+-------------+-----
Spellcasting   | 5 |  5.1
Short Blades   | 1 |  1.2
Long Blades    | 1 |  1.2
Axes           | 1 |  1.2
Maces & Flails | 1 |  1.2
Polearms       | 1 |  1.2
Staves         | 1 |  1.2
Slings         | 1 |  1.2
Bows           | 1 |  1.2
Crossbows      | 1 |  1.2
Throwing       | 1 |  1.2
Armour         | 1 |  1.2
Stealth        | 1 |  1.2
Shields        | 1 |  1.2
Invocations    | 1 |  1.3
Evocations     | 1 |  1.2
Conjurations   | 1 |  1.0
Hexes          | 1 |  1.0
Charms         | 1 |  1.0
Summonings     | 1 |  1.0
Necromancy     | 1 |  1.0
Translocations | 1 |  1.0
Fire Magic     | 1 |  1.0
Ice Magic      | 1 |  1.0
Air Magic      | 1 |  1.0
Earth Magic    | 1 |  1.0
Poison Magic   | 1 |  1.0
Fighting       | |  2.8
Dodging        | |  4.7
Unarmed Combat | |  6.6
Transmutations | |  3.9

Action                   |  1- 3 |  4- 6 || total
-------------------------+-------+-------++-------
Melee: Unarmed           |    56 |     9 ||    65
       Kick              |     3 |       ||     3
       Bite              |     3 |       ||     3
       Punch             |     2 |       ||     2
 Cast: Beastly Appendage |     9 |       ||     9
       Spider Form       |     3 |     1 ||     4
       Sticks to Snakes  |     1 |     1 ||     2
  Use: Potion            |     3 |     1 ||     4
 Stab: Sleeping          |     3 |       ||     3
Armor: Robe              |     8 |       ||     8
Dodge: Dodged            |    36 |     3 ||    39

Table legend:
 A = Spawn XP
 B = Non-spawn XP
 C = Spawn XP percentage of total XP
 D = Spawn monster count
 E = Non-spawn monster count
 F = Spawn count percentage of total count
 G = Total turns spent on level
                    A         B        C        D         E        F      G
               +---------+---------+-------+---------+---------+-------+---------
         Total |       0 |     145 |   0.0 |       0 |      25 |   0.0 |   701
               +---------+---------+-------+---------+---------+-------+---------
           D:1 |       0 |       1 |   0.0 |       0 |       1 |   0.0 |   115
           D:2 |       0 |      24 |   0.0 |       0 |       9 |   0.0 |   350
           D:3 |       0 |      83 |   0.0 |       0 |      13 |   0.0 |   168
           D:4 |       0 |      37 |   0.0 |       0 |       2 |   0.0 |    64
               +---------+---------+-------+---------+---------+-------+---------

Table legend:
 A = Turns spent in this place as a percentage of turns spent in the entire game.
 B = Non-inter-level travel turns spent in this place as a percentage of non-inter-level travel turns spent in the entire game.
 C = Inter-level travel turns spent in this place as a percentage of turns spent in this place.
 D = Turns resting spent in this place as a percentage of non-inter-level travel turns spent in this place.
 E = Turns spent auto-exploring this place as a percentage of non-inter-level travel turns spent in this place.
 F = Non-inter-level travel turns spent in this place divided by the number of levels of this place that you've seen.
                   A       B       C       D       E      F
               +-------+-------+-------+-------+-------+----------------------
         Total | 100.0 | 100.0 |   0.0 |   0.0 |   0.0 | 140.2
       Dungeon | 100.0 | 100.0 |   0.0 |   0.0 |   0.0 | 140.2
               +-------+-------+-------+-------+-------+----------------------

Table legend:
 A = Kills in this place as a percentage of kills in entire the game.
 B = Kills by you in this place as a percentage of kills by you in the entire game.
 C = Kills by friends in this place as a percentage of kills by friends in the entire game.
 D = Other kills in this place as a percentage of other kills in the entire game.
 E = Experience gained in this place as a percentage of experience gained in the entire game.
 F = Experience gained in this place divided by the number of levels of this place that you have seen.
                   A       B       C       D       E      F
               +-------+-------+-------+-------+-------+----------------------
         Total | 100.0 | 100.0 |   N/A |   N/A | 100.0 |  29.0
       Dungeon | 100.0 | 100.0 |   N/A |   N/A | 100.0 |  29.0
               +-------+-------+-------+-------+-------+----------------------

Vault maps used:
D:1:      co_arrival_random_square_maze, kennysheep_doodads, minmay_misc_feat_x,
          minmay_misc_feat_five, kennysheep_flooded_box, minmay_pentomino_u2
D:3:      overflow_temple_1_default, nicolae_qazlal_eye_of_the_storm
D:4:      zin_scriptorium, nicolae_overflow_quartered_altars, temple_hall
D:5:      gammafunk_temple_overflow_statue, first_ration, serial_shops,
          shop_statue, basic_altar, serial_bayou_pond_a, uniq_sigmund
